 Dungeon Crawl Stone Soup version 0.31-a0-246-g8cbcc1c (webtiles) character file.

Game seed: 5215245634858854526

5824 BingusPrime the Grappler (level 10, -14/92 HPs)
             Began as a Naga Shapeshifter on July 12, 2023.
             Was a High Priest of Cheibriados.
             Demolished by a yak (16 damage)
             ... on level 8 of the Dungeon.
             The game lasted 00:20:49 (7004 turns).

BingusPrime the Grappler (Naga Shapeshifter)        Turns: 7004, Time: 00:20:51

Health: -14/92     AC:  4    Str: 40    XL:     10   Next: 80%
Magic:  7/10       EV: 19    Int: 22    God:    Cheibriados [*****.]
Gold:   516        SH:  0    Dex: 25    Spells: 9/9 levels left

rFire   . .          .
                       - Unarmed
rCold   . . .        (no shield)
rNeg    . . .        a - +0 animal skin
rPois   +            (helmet currently unavailable)
rElec   .            (cloak currently unavailable)
rCorr   .            (gloves currently unavailable)
SInv    +            (no barding)
Will    +....        v - amulet of regeneration
Stlth   ++           d - +5 ring of evasion
HPRegen 1.15/turn    y - +6 ring of strength
MPRegen 0.12/turn

%: no passive effects
@: about to teleport, beast-form, very slow
A: beast (slay +5), AC +3, large, see invisible, deformed body, poison
resistance, slowness 2, spit poison 1, naga tail 1
a: Spit Poison, Renounce Religion, Bend Time, Temporal Distortion, Slouch, Step
From Time


You were on level 8 of the Dungeon.
You worshipped Cheibriados.
Cheibriados was extremely pleased with you.
You were a hulking beast.
You visited 1 branch of the dungeon, and saw 8 of its levels.

You collected 516 gold pieces.

Inventory:

Missiles
 n - 2 silver boomerangs
 t - 6 boomerangs
 B - 9 poisoned darts (quivered)
Armour
 a - a +0 animal skin (worn)
Jewellery
 d - a +5 ring of evasion (left hand)
 v - an amulet of regeneration (around neck)
 w - a ring of resist corrosion
 y - a +6 ring of strength (right hand)
Talismans
 c - a beast talisman
 m - a beast talisman
Wands
 C - a wand of paralysis (22)
 D - a wand of digging (8)
Scrolls
 g - 6 scrolls of identify
 j - a scroll of enchant weapon {unknown}
 l - a scroll of torment {unknown}
 o - 4 scrolls of immolation {unknown}
 p - 4 scrolls of teleportation
 q - a scroll of brand weapon {unknown}
 r - a scroll of blinking {unknown}
 u - 2 scrolls of fog {unknown}
 x - 2 scrolls of amnesia {unknown}
 z - 2 scrolls of vulnerability {unknown}
 E - a scroll of noise {unknown}
 F - a scroll of poison {unknown}
Potions
 b - 2 potions of lignification
 e - a potion of mutation {unknown}
 f - 3 potions of invisibility {unknown}
 h - 2 potions of heal wounds {unknown}
 i - a potion of attraction {unknown}
 k - a potion of enlightenment {unknown}
 s - a potion of cancellation {unknown}
 A - 4 potions of brilliance {unknown}


   Skills:
 + Level 6.8 Fighting
 + Level 5.7 Dodging
 * Level 9.4 Unarmed Combat
 * Level 8.2 Shapeshifting


You had 9 spell levels left.
You didn't know any spells.
Your spell library contained the following spells:

 Spells                   Type           Power      Damage    Failure   Level
 Kiss of Death            Conj/Necr      0%         2d5       17%         1
 Shock                    Conj/Air       0%         1d3       17%         1
 Summon Small Mammal      Summ           0%         N/A       17%         1
 Blink                    Tloc           0%         N/A       26%         2
 Lesser Beckoning         Tloc           0%         N/A       26%         2
 Momentum Strike          Conj/Tloc      0%         3d8       26%         2
 Call Canine Familiar     Summ           0%         N/A       45%         3
 Confusing Touch          Hex            0%         N/A       45%         3
 Portal Projectile        Hex/Tloc       0%         N/A       45%         3
 Summon Guardian Golem    Hex/Summ       0%         N/A       45%         3
 Swiftness                Air            0%         N/A       45%         3
 Tukima's Dance           Hex            0%         N/A       45%         3
 Airstrike                Air            0%         2d(0-16)  86%         4
 Dispel Undead            Necr           0%         3d6       86%         4
 Iskenderun's Mystic Bla  Conj/Tloc      0%         2d3       86%         4
 Orb of Destruction       Conj           0%         9d5       100%        7
 Spellforged Servitor     Conj/Summ      0%         N/A       100%        7


Dungeon Overview and Level Annotations

Branches:
Dungeon (8/15)             Temple (0/1) D:4            Lair (0/5) D:8

Altars:
Cheibriados
Fedhas
Hepliaklqana
Ru
Trog
Uskayaw
Wu Jian
Yredelemnul

Shops:
D:4 :   D:8 [


Innate Abilities, Weirdness & Mutations

You are a hulking beast.
Your limbs bulge with bestial killing power. (Slay +5)
Your serpentine skin is tough. (AC +3)
You have supernaturally acute eyesight. (SInv)
Armour fits poorly on your strangely shaped body.
Your system is resistant to poisons. (rPois)
You cover ground very slowly.
You can spit poison.
You have a snake-like lower body.


Message History

The steam dragon moves out of view.
The yak moves out of view. x2
Items here: ))) ††.
A gnoll is nearby! 2 yaks and a gnoll come into view.
The gnoll sergeant shouts!
You hear a croak.
A bullfrog comes into view.
The yak misses you. The gnoll misses you. The yak completely misses you.
The yak barely misses you. x2
The gnoll hits you from afar with a +0 spear.
The gnoll barely misses you. The yak gores you!
The gnoll completely misses you. The gnoll misses you.
The yak gores you but does no damage. The yak gores you!
An orc comes into view. It is wielding a +0 whip.
As you read the scroll of teleportation, it crumbles to dust.
You feel strangely unstable.
The gnoll hits you from afar with a +0 spear.
The gnoll sergeant completely misses you.
The yak barely misses you. The yak gores you! x2
The yak bellows!
The steam dragon hisses angrily.
You punch the gnoll!
You kill the gnoll!
Cheibriados thoroughly appreciates the change of pace.
The yak barely misses you.
The gnoll sergeant hits you from afar with a +0 spear!
The yak barely misses you. The gnoll closely misses you. The yak gores you!
* * * LOW HITPOINT WARNING * * *
The yak gores you!
* * * LOW HITPOINT WARNING * * *
Okay, then.
Okay, then.
Okay, then.
Okay, then.
The flow of time bends around you.
The yak resists with some effort. x4
The yak misses you. The gnoll barely misses you.
The gnoll sergeant barely misses you. The yak gores you.
* * * LOW HITPOINT WARNING * * *
The yak gores you.
* * * LOW HITPOINT WARNING * * *
The yak gores you!
You die...

... .... ..#### #..
....... #.## #..>....
########..####.......
#..........##......#
#...Y.!............#
#..FYh)...##.).....###
.....gYY#).))....# #....
.......g#...)....###....
...YD...#...............
....o...#.......###...##
........#.......# #...##
........#.......# #....#
........#.......# #.....
#.......# #...#.


You could see 5 yaks, a steam dragon, a gnoll sergeant, a bullfrog, a gnoll and
an orc.

Vanquished Creatures
  Pikel (D:6)
  A cyclops (D:7)
  A deep elf pyromancer (D:7)
  A gargoyle (D:6)
  An unseen horror (D:7)
  Maggie (D:7)
  Grinder (D:3)
  Sigmund (D:2)
  A wyvern (D:7)
  A wraith (D:7)
  A shadow (D:7)
  Eustachio (D:5)
  Menkaure (D:6)
  2 water moccasins (D:7)
  4 orc warriors
  2 sky beasts
  2 ice beasts
  A lemure (D:6)
  2 centaurs (D:7)
  3 kobold brigands (D:8)
  2 bullfrogs
  5 wights (D:6)
  A killer bee (D:7)
  A howler monkey (D:7)
  3 jellies
  4 hounds
  6 orc priests
  A sleepcap (D:6)
  Jessica (D:2)
  2 iguanas
  Natasha (D:4)
  10 orc wizards
  4 adders
  7 gnolls
  A white imp (D:7)
  A worm (D:2)
  2 dart slugs (D:1)
  32 orcs
  6 ball pythons
  6 bats
  7 endoplasms
  7 goblins
  13 hobgoblins
  2 jackals (D:4)
  3 quokkas
  4 frilled lizards
  21 kobolds
  5 rats
187 creatures vanquished.

Notes
Turn   | Place    | Note
-------+----------+-------------------------------------------
     0 | D:1      | BingusPrime the Naga Shapeshifter began the quest for the
                  | Orb.
     0 | D:1      | Reached XP level 1. HP: 19/19 MP: 1/1
   133 | D:1      | Reached XP level 2. HP: 17/26 MP: 2/2
   625 | D:1      | Found a faded altar of an unknown god.
   635 | D:1      | Reached XP level 3. HP: 31/33 MP: 3/3
   638 | D:1      | Prayed at the altar of an unknown god.
   638 | D:1      | Became a worshipper of Cheibriados the Contemplative
   638 | D:1      | Reached * piety under Cheibriados
  1287 | D:2      | Reached ** piety under Cheibriados
  1440 | D:2      | Noticed Sigmund
  1456 | D:2      | Killed Sigmund
  1457 | D:2      | Reached skill level 3 in Unarmed Combat
  1457 | D:2      | Reached XP level 4. HP: 41/42 MP: 4/4
  1457 | D:2      | Reached XP level 5. HP: 48/49 MP: 5/5
  1528 | D:2      | Noticed Jessica
  1533 | D:2      | Killed Jessica
  1534 | D:2      | Reached XP level 6. HP: 56/56 MP: 6/6
  2085 | D:3      | Noticed Grinder
  2130 | D:3      | Killed Grinder
  2131 | D:3      | Reached skill level 4 in Unarmed Combat
  2131 | D:3      | Reached XP level 7. HP: 31/63 MP: 7/7
  3051 | D:4      | Found a staircase to the Ecumenical Temple.
  3111 | D:4      | Reached *** piety under Cheibriados
  3515 | D:4      | Noticed Natasha
  3519 | D:4      | Killed Natasha
  3728 | D:4      | Found Kijilob's Book Emporium.
  3917 | D:5      | Entered Level 5 of the Dungeon
  3924 | D:5      | Reached skill level 5 in Unarmed Combat
  4077 | D:5      | Noticed Eustachio
  4090 | D:5      | Killed Eustachio
  4091 | D:5      | Reached skill level 5 in Shapeshifting
  4091 | D:5      | Reached XP level 8. HP: 57/73 MP: 8/8
  4634 | D:6      | Noticed Menkaure
  4641 | D:6      | Killed Menkaure
  4696 | D:6      | Identified the +3 leather armour of Riojewn {rCorr}
  4728 | D:6      | Noticed Pikel
  4797 | D:6      | Killed Pikel
  4797 | D:6      | Reached **** piety under Cheibriados
  4798 | D:6      | Reached skill level 5 in Fighting
  4798 | D:6      | Reached skill level 6 in Unarmed Combat
  4798 | D:6      | Reached XP level 9. HP: 16/81 MP: 9/9
  4904 | D:6      | Noticed a gargoyle
  4912 | D:6      | Killed a gargoyle
  4913 | D:6      | Reached skill level 7 in Unarmed Combat
  5300 | D:7      | Found a hide-covered altar of Uskayaw.
  5301 | D:7      | Found a blossoming altar of Fedhas.
  5302 | D:7      | Found a hazy altar of Hepliaklqana.
  5303 | D:7      | Found a snail-covered altar of Cheibriados.
  5304 | D:7      | Found a sacrificial altar of Ru.
  5304 | D:7      | Found a bloodstained altar of Trog.
  5305 | D:7      | Found a basalt altar of Yredelemnul.
  5490 | D:7      | Noticed Maggie
  5500 | D:7      | Killed Maggie
  5549 | D:7      | Reached skill level 5 in Dodging
  5549 | D:7      | Reached skill level 8 in Unarmed Combat
  5553 | D:7      | Reached XP level 10. HP: 91/91 MP: 10/10
  5560 | D:7      | Noticed an unseen horror
  5575 | D:7      | Killed an unseen horror
  5575 | D:7      | Reached ***** piety under Cheibriados
  5582 | D:7      | Noticed a cyclops
  5716 | D:7      | Noticed a deep elf pyromancer
  5725 | D:7      | Killed a deep elf pyromancer
  5763 | D:7      | Killed a cyclops
  5954 | D:7      | Reached skill level 9 in Unarmed Combat
  6201 | D:7      | Found an ornate altar of the Wu Jian Council.
  6855 | D:8      | Found Hywoxt's Armour Shop.
  6961 | D:8      | Found a staircase to the Lair.
  7003 | D:8      | HP: 4/92 [yak (10)]
  7004 | D:8      | Demolished by a yak

Illustrated notes

Levels and vault maps discovered:
D:1:      kennysheep_arrival_seaside, layout_basic,
          ebering_ecumenical_altar_ruins
D:2:      layout_loops_corners, uniq_sigmund, uniq_jessica
D:3:      layout_basic, uniq_grinder
D:4:      layout_cave_pods, minmay_temple_entry_gardened_gates, serial_shops,
          shop, serial_bayou, serial_bayou_crossing, serial_bayou_pond_a,
          serial_bayou_shore_b, serial_bayou_ford_a, uniq_natasha
D:5:      layout_basic, uniq_eustachio
D:6:      layout_cave_pools, uniq_menkaure, uniq_pikel
D:7:      layout_layer_cave, lemuel_tele_altar, grunt_temple_overflow_open,
          enter_ossuary_1, minmay_shattered_shrine, uniq_maggie
D:8:      layout_basic, lair_entry_dummy, serial_shops, nicolae_shop_stone

Skill      XL: |  1  2  3  4  5  6  7  8  9 10 |
---------------+-------------------------------+-----
Dodging        | 2 3 4 5 |  5.7
Fighting       | 3 4 5 6 |  6.8
Unarmed Combat | 3 4 5 6 8 9 |  9.4
Shapeshifting  | 4 5 6 7 8 |  8.2

Action                     |  1- 3 |  4- 6 |  7- 9 | 10-12 || total
---------------------------+-------+-------+-------+-------++-------
  Melee: Unarmed           |   104 |    39 |   183 |   128 ||   454
         Punch             |     2 |     1 |    12 |     6 ||    21
  Throw: Boomerang         |       |       |    48 |    18 ||    66
         Dart              |       |       |     6 |    12 ||    18
 Invoke: Bend Time         |       |       |       |     1 ||     1
Ability: Spit Poison       |     3 |     4 |    31 |     3 ||    41
    Use: Potion            |       |       |     2 |     1 ||     3
         Scroll            |       |       |       |     3 ||     3
   Stab: Sleeping          |     1 |       |     2 |     1 ||     4
         Distracted        |       |       |       |     1 ||     1
 Armour: Animal skin       |     9 |     3 |    21 |    11 ||    44
         Skin              |       |       |       |    13 ||    13
  Dodge: Dodged            |    77 |    28 |   147 |   135 ||   387
         Form:             |     1 |       |       |       ||     1
         Beast             |     1 |       |       |       ||     1

Table legend: (Time is in decaauts)
 A = Elapsed time spent in this place.
 B = Non-inter-level travel time spent in this place.
 C = Inter-level travel time spent in this place.
 D = Time resting spent in this place.
 E = Time spent auto-exploring this place.
 F = Levels seen in this place.
 G = Mean time per level.
                   A        B        C        D        E       F      G
               +--------+--------+--------+--------+--------+-----+--------+
         Total |  13118 |  12393 |    725 |    131 |  10634 |   8 | 1639.8 |
       Dungeon |  13118 |  12393 |    725 |    131 |  10634 |   8 | 1639.8 |
               +--------+--------+--------+--------+--------+-----+--------+

Top non-repeatable levels by time:
     D:7: 3096 daAuts
     D:2: 1907 daAuts
     D:4: 1878 daAuts
     D:3: 1685 daAuts
     D:1: 1326 daAuts
     D:5: 1304 daAuts
     D:6: 1229 daAuts
     D:8: 689 daAuts
